 Dungeon Crawl Stone Soup version 0.26.1-11-gd32895ea62 (webtiles) character file.

Game seed: 3489436252321712942

53 mankey1987 the Skirmisher (level 4, 0/52 HPs)
             Began as a Human Wanderer on May 30, 2021.
             Succumbed to a worker ant's poison
             ... on level 2 of the Dungeon.
             The game lasted 00:02:18 (1664 turns).

mankey1987 the Skirmisher (Human Wanderer)          Turns: 1664, Time: 00:02:19

Health: 0/52       AC: 22    Str: 13    XL:     4   Next: 11%
Magic:  4/4        EV:  2    Int: 12    God:
Gold:   151        SH:  0    Dex: 13    Spells: 3/3 levels left

rFire    . . .     SeeInvis .   a - +2 quarterstaff
rCold    . . .     Faith    .   (shield currently unavailable)
rNeg     + + +     Spirit   .   (armour currently unavailable)
rPois    +         Reflect  .   (helmet currently unavailable)
rElec    .         Harm     .   (cloak currently unavailable)
rCorr    .         Rampage  .   (gloves currently unavailable)
Will     .....     NoTele   +   (boots currently unavailable)
Stlth    ++........             (no amulet)
HPRegen  0.17/turn              (no ring)
MPRegen  0.09/turn              (no ring)

@: lethally poisoned (0 -> -14), tree-form
A: no striking features
a: no special abilities


You were on level 2 of the Dungeon.
You were a tree.
You visited 1 branch of the dungeon, and saw 2 of its levels.

You collected 151 gold pieces.

Inventory:

Hand Weapons
 a - a +2 quarterstaff (weapon)
Armour
 h - a +0 leather armour (melded)
Scrolls
 d - a scroll of enchant armour {unknown}
 e - 5 scrolls of remove curse {unknown}
 g - 4 scrolls of identify {unknown}
 i - a scroll of fear {unknown}
 j - a scroll of amnesia {unknown}
 k - a scroll of immolation {unknown}
Potions
 b - a potion of lignification
 c - a potion of curing
 f - 2 potions of attraction {unknown}
 l - a potion of might {unknown}


   Skills:
 + Level 3.4 Fighting
 * Level 2.6 Staves
 + Level 2.6 Dodging
 - Level 3.0 Stealth
 - Level 1.0 Shields


You had 3 spell levels left.
You didn't know any spells.
Your spell library was empty.

Dungeon Overview and Level Annotations

Branches:
Dungeon (2/15)

Altars:
Gozag


Message History

The worker ant is heavily wounded.
You feel sick. The worker ant misses you. The worker ant bites you.
You barely miss the worker ant.
The worker ant is heavily wounded.
* * * LOW HITPOINT WARNING * * *
You feel sick.
The worker ant bites you but does no damage.
You closely miss the worker ant.
The worker ant is heavily wounded.
* * * LOW HITPOINT WARNING * * *
You feel sick. The worker ant bites you.
* * * LOW HITPOINT WARNING * * *
You are more poisoned.
The worker ant poisons you! The worker ant bites you.
* * * LOW HITPOINT WARNING * * *
Really quaff the potion of lignification?
You turn into a tree.
Your +0 leather armour melds into your body.
Your roots penetrate the ground.
You die...

### #.##########
#..........#
#.########.# #♣#
#.# #B# #.# #.#
#.# #.# ######.###
#.# #........#####
#.# #........+....
#.# #........#####
#............>....
##########.####


You could see a worker ant.

Vanquished Creatures
  3 adders (D:2)
  An ooze (D:2)
  A dart slug (D:2)
  2 giant cockroaches
  3 goblins
  2 hobgoblins (D:1)
  4 bats
  3 frilled lizards
  2 kobolds
  2 rats (D:1)
23 creatures vanquished.

Notes
Turn   | Place    | Note
-------+----------+-------------------------------------------
     0 | D:1      | mankey1987 the Human Wanderer began the quest for the Orb.
     0 | D:1      | mankey1987 set off with the following items: a +2
                  | quarterstaff, a potion of lignification, a potion of
                  | curing, a +0 robe, a +0 dagger
     0 | D:1      | Reached XP level 1. HP: 18/18 MP: 1/1
   291 | D:1      | Reached XP level 2. HP: 14/24 MP: 2/2
   914 | D:2      | Reached XP level 3. HP: 25/29 MP: 3/3
  1215 | D:2      | Found an opulent altar of Gozag.
  1520 | D:2      | Reached XP level 4. HP: 27/35 MP: 4/4
  1663 | D:2      | HP: 1/35 [worker ant (5)]
  1664 | D:2      | Succumbed to a worker ant's poison

Illustrated notes

Levels and vault maps discovered:
D:1:      lightli_arrival_statue_moat, layout_basic, corexii_leaking_fountain
D:2:      layout_basic, grunt_gozag_breadcrumbs

Skill      XL: |  1  2 |
---------------+-------+-----
Staves         | 2 |  2.6
Fighting       | |  3.4
Dodging        | |  2.6
Stealth        | |  3.0
Shields        | |  1.0

Action                   |  1- 3 |  4- 6 || total
-------------------------+-------+-------++-------
Melee: Quarterstaff      |    61 |     9 ||    70
  Use: Potion            |       |     1 ||     1
Armor: Robe              |     4 |       ||     4
       Leather armour    |    21 |     2 ||    23
Dodge: Dodged            |    60 |    10 ||    70
